 Dungeon Crawl Stone Soup version 0.15-a0-33-ga435e27 (webtiles) character file.

4368 4tharraofdagon the Grappler (level 10, -3/88 HPs)
             Began as a Troll Monk on Apr 1, 2014.
             Was a Priest of Ashenzari.
             Slain by a centaur warrior (10 damage)
             ... on Level 9 of the Dungeon.
             The game lasted 00:16:34 (3231 turns).

4tharraofdagon the Grappler (Troll Monk)            Turns: 3231, Time: 00:16:34

HP  -3/88        AC  5     Str 31      XL: 10   Next:  7%
MP  13/13        EV  9     Int  8      God: Ashenzari [***...]
Gold 210         SH 21     Dex 10      Spells:  0 memorised, 15 levels left

rFire  . . .     SeeInvis +       - Unarmed
rCold  . . .     Clarity  +     a - +0 robe
rNeg   . . .     Conserve .     h - +0 shield
rPois  .         rCorr    .     (helmet restricted)
rElec  .         rRot     .     (no cloak)
SustAb + .       Spirit   .     (gloves unavailable)
rMut   .         Warding  .     (boots unavailable)
Gourm  +         Stasis   .     q - cursed amulet of rage
MR     .....                    t - ring of sustain abilities
                                l - +4 ring of strength

@: exhausted, mighty, slowed, very slow, not resistant to hostile enchantments,
unstealthy
A: unfitting armour, claws 3, talons 1, clumsy 1, deterioration 1, fast
metabolism 3, gourmand, regeneration 2, saprovore 2, shaggy fur 1, tough skin 2
a: Renounce Religion, Evoke Berserk Rage


You were on level 9 of the Dungeon.
You worshipped Ashenzari.
Ashenzari was most pleased with you.
You were very full.

You visited 2 branches of the dungeon, and saw 10 of its levels.

You collected 300 gold pieces.
You spent 90 gold pieces at shops.

Inventory:

Hand weapons
 y - a +0 blowgun
Missiles
 i - 26 darts (quivered)
 v - 16 darts of dispersal
 z - 14 poisoned needles
 G - 4 large rocks
Armour
 a - a +0 robe (worn)
 h - a +0 shield (worn)
Magical devices
 K - a wand of heal wounds (5)
 M - a wand of frost (12)
Comestibles
 b - 4 meat rations
 w - 3 bread rations
Scrolls
 c - 3 scrolls of amnesia {unknown}
 d - 4 scrolls of enchant weapon I {unknown}
 f - 3 scrolls of noise
 g - a scroll of blinking {unknown}
 k - a scroll of recharging {unknown}
 m - 2 scrolls of teleportation {unknown}
 r - a scroll of magic mapping
 s - 2 scrolls of enchant armour {unknown}
 u - a scroll of fear {unknown}
 x - 2 scrolls of curse weapon
 B - a scroll of enchant weapon II {unknown}
 E - 2 scrolls of remove curse
 I - a scroll of acquirement {unknown}
Jewellery
 l - a +4 ring of strength (left claw)
 q - a cursed amulet of rage (around neck)
 t - a ring of sustain abilities (right claw)
 F - an uncursed amulet of conservation
Potions
 e - a potion of beneficial mutation
 j - a potion of degeneration
 n - a potion of heal wounds
 o - 6 potions of curing
 p - a potion of might
 A - 2 potions of magic
 C - a potion of poison {unknown}
 H - a potion of berserk rage {unknown}
 J - a potion of confusion {unknown}
Books
 L - a book of Wizardry

   Spells                             Type                      Level
   Summon Elemental                   Summoning                    4
   Agony                              Necromancy                   5
   Force Lance                        Conjuration                  5
   Haste                              Charms                       6
   Invisibility                       Hexes                        6
   Spellforged Servitor               Conjuration/Summoning        7
Magical staves
 D - an uncursed staff of fire


   Skills:
 - Level 2.4 Fighting
 - Level 2.4 Dodging
 - Level 1.1 Stealth
 + Level 5.5 Shields
 * Level 10.7 Unarmed Combat
 - Level 3.1 Spellcasting
 + Level 5.1 Evocations


You had 15 spell levels left.
You didn't know any spells.

Dungeon Overview and Level Annotations

Branches:
Dungeon (9/15)             Temple (1/1) D:4            Lair (0/8) D:9
    Orc: D:9-12

Altars:
Ashenzari
Dithmenos
Elyvilon
Kikubaaqudgha
Nemelex Xobeh
Okawaru
Sif Muna
Vehumet
Xom
Zin
Lugonu

Shops:
D:4 !

Annotations:
D:9 Erolcha, Psyche


Innate Abilities, Weirdness & Mutations

You are too large for most types of armour.
You have claws for hands.
Your metabolism is lightning-fast.
You like to eat raw meat.
You heal very quickly.
You can eat rotten meat.
You are covered in fur (AC +1).
You have very tough skin (AC +2).
You have sharp toenails.
You are clumsy. (Dex -2)
Your body is slowly deteriorating.


Message History

Drink which item? (? for menu, Esc to quit)
You feel much better. The centaur warrior hits you.
The centaur warrior hits you but does no damage.
Erolcha closely misses you. The centaur warrior barely misses you.
Unknown command.
Unknown command.
Read which item? (? for menu, Esc to quit)
Okay, then.
Evoke which item? (* to show all) (? for menu, Esc to quit)
Okay, then.
Drink which item? (? for menu, Esc to quit)
You feel very mighty all of a sudden.
Erolcha hits you with a giant spiked club!
The centaur warrior hits you!
* * * LOW HITPOINT WARNING * * *
Erolcha casts a spell at you. The magic dart hits you!
* * * LOW HITPOINT WARNING * * *
The centaur warrior hits you!
You die...

* *
############### *
.................
, * #............
* #..(.........
#c@O........ , ,
, #........... *
* #.########## #.
* #. , ***#.*
...#. *, ..
#....#.. , , ..
#....#.. , , .*
#....#..


You could see Erolcha and a centaur warrior.

Vanquished Creatures
  A cyclops (D:7)
  An elephant (D:9)
  The ghost of sohrabkorkchi the Skirmisher, an experienced LOFi (D:5)
  A wyvern (D:7)
  3 yaks (D:9)
  A hippogriff (D:7)
  Grum (D:8)
  4 wolves (D:8)
  A phantom (D:7)
  2 orc warriors
  A crocodile (D:9)
  3 ogres
  A big kobold (D:7)
  A giant slug (D:9)
  4 killer bees (D:7)
  A quasit (D:8)
  3 crimson imps
  2 goliath beetles
  4 hounds
  4 orc priests
  2 iguanas
  6 orc wizards
  2 worker ants
  A sheep (D:9)
  A mummy (D:7)
  2 shadow imps (D:7)
  11 adders
  4 worms
  3 giant geckos
  An ooze (D:5)
  9 orcs
  A bat skeleton (D:4)
  11 goblins
  4 hobgoblins
  7 kobolds
  5 quokkas
  11 bats
  2 giant cockroaches (D:5)
  A giant newt (D:4)
  A kobold skeleton (D:6)
  8 rats
133 creatures vanquished.

Vanquished Creatures (others)
  A giant gecko (D:8)
1 creature vanquished.

Grand Total: 134 creatures vanquished

Notes
Turn   | Place    | Note
--------------------------------------------------------------
     0 | D:1      | 4tharraofdagon, the Troll Monk, began the quest for the Orb.
     0 | D:1      | Reached XP level 1. HP: 22/22 MP: 1/1
    81 | D:2      | Reached XP level 2. HP: 6/29 MP: 1/1
   277 | D:3      | Reached XP level 3. HP: 34/36 MP: 2/2
   286 | D:3      | Reached skill level 5 in Unarmed Combat
   400 | D:4      | Found Skason's Distillery.
   422 | D:4      | Bought a potion of heal wounds for 36 gold pieces
   422 | D:4      | Bought a potion of curing for 24 gold pieces
   422 | D:4      | Bought a potion of might for 30 gold pieces
   468 | D:4      | Reached skill level 1 in Shields
   469 | D:4      | Found a staircase to the Ecumenical Temple.
   482 | Temple   | Entered the Ecumenical Temple
   501 | Temple   | Became a worshipper of Ashenzari the Shackled
   501 | Temple   | Acquired Ashenzari's first power
   584 | D:4      | Reached XP level 4. HP: 44/44 MP: 2/2
   836 | D:5      | Entered Level 5 of the Dungeon
   866 | D:5      | Reached XP level 5. HP: 47/50 MP: 2/2
   892 | D:5      | Reached skill level 1 in Evocations
   909 | D:4      | Reached skill level 6 in Unarmed Combat
   965 | D:5      | Reached XP level 6. HP: 59/59 MP: 4/4
  1091 | D:5      | Noticed an ogre
  1098 | D:5      | Killed an ogre
  1098 | D:5      | Reached skill level 1 in Spellcasting
  1141 | D:5      | Noticed an ogre
  1146 | D:5      | Killed an ogre
  1188 | D:5      | Noticed sohrabkorkchi's ghost (experienced LOFi)
  1227 | D:5      | Killed sohrabkorkchi's ghost
  1227 | D:5      | Reached skill level 7 in Unarmed Combat
  1227 | D:5      | Reached XP level 7. HP: 61/66 MP: 5/6
  1639 | D:6      | Found a shadowy altar of Dithmenos.
  1660 | D:6      | Acquired Ashenzari's second power
  1679 | D:6      | Found a radiant altar of Vehumet.
  1928 | D:7      | Gained mutation: Your body is slowly deteriorating. [potion of mutation]
  1928 | D:7      | Gained mutation: You have sharp toenails. [potion of mutation]
  1928 | D:7      | Gained mutation: You are clumsy. (Dex -2) [potion of mutation]
  1953 | D:7      | Reached XP level 8. HP: 74/74 MP: 7/7
  2074 | D:7      | Reached skill level 8 in Unarmed Combat
  2256 | D:7      | Noticed a wyvern
  2257 | D:7      | Noticed a cyclops
  2275 | D:7      | Killed a wyvern
  2374 | D:7      | Killed a cyclops
  2374 | D:7      | Reached skill level 9 in Unarmed Combat
  2374 | D:7      | Reached XP level 9. HP: 80/80 MP: 11/11
  2628 | D:8      | Noticed Grum
  2641 | D:8      | Killed Grum
  2872 | D:8      | Found an iron altar of Okawaru.
  2930 | D:8      | Found a sparkling altar of Nemelex Xobeh.
  3035 | D:8      | Reached skill level 5 in Shields
  3035 | D:8      | Reached skill level 10 in Unarmed Combat
  3125 | D:9      | Found a staircase to the Lair.
  3125 | D:9      | Noticed an elephant
  3150 | D:9      | Killed an elephant
  3155 | D:9      | Reached skill level 5 in Evocations
  3156 | D:9      | Reached XP level 10. HP: 88/88 MP: 13/13
  3209 | D:9      | Noticed Psyche
  3218 | D:9      | Noticed Erolcha
  3218 | D:9      | Noticed a centaur warrior
  3220 | D:9      | Paralysed by Erolcha for 7 turns
  3231 | D:9      | Slain by a centaur warrior

Action                   |  1- 3 |  4- 6 |  7- 9 | 10-12 || total
-------------------------+-------+-------+-------+-------++-------
Melee: Unarmed           |    88 |   122 |   204 |    18 ||   432
 Abil: Evoke Berserk Rag |       |     2 |     9 |     1 ||    12
Evoke: Wand              |       |       |     2 |       ||     2
  Use: Scroll            |       |     3 |     4 |       ||     7
       Potion            |       |       |     3 |     3 ||     6
 Stab: Sleeping          |       |       |     2 |       ||     2
